 Dungeon Crawl Stone Soup version 0.27.1-2-g3b301248ec (webtiles) character file.

Game seed: 16368596086039290205

169 ABBCCCDDDD the Sneak (level 5, -1/34 HPs)
             Began as an Octopode Enchanter on Sept 29, 2021.
             Slain by a goblin (3 damage)
             ... led by Robin
             ... on level 2 of the Dungeon.
             The game lasted 00:03:27 (3103 turns).

ABBCCCDDDD the Sneak (Octopode Enchanter)           Turns: 3103, Time: 00:03:28

Health: -1/34      AC:  1    Str:  8    XL:     5   Next: 50%
Magic:  8/8        EV: 13    Int: 18    God:
Gold:   60         SH:  0    Dex: 12    Spells: 2/8 levels left

rFire    . . .     SeeInvis .   f - +2 short sword (venom)
rCold    . . .     Faith    .   (no shield)
rNeg     . . .     Spirit   .   (helmet restricted)
rPois    .         Reflect  .   (no amulet)
rElec    .         Harm     .   (no ring)
rCorr    .         Rampage  .   (no ring)
Will     .....                  (no ring)
Stlth    ++++......             (no ring)
HPRegen  0.11/turn              (no ring)
MPRegen  0.11/turn              (no ring)
                                (no ring)
                                (no ring)

@: flying
A: almost no armour, amphibious, 8 rings, camouflage 1, gelatinous body 1,
(nimble swimmer 1), tentacles
a: no special abilities


You were on level 2 of the Dungeon.
You visited 1 branch of the dungeon, and saw 3 of its levels.

You collected 60 gold pieces.

Inventory:

Hand Weapons
 a - a +1 dagger
 f - a +2 short sword of venom (weapon)
 g - a +0 spear
Jewellery
 i - a ring of ice
Scrolls
 c - a scroll of fear {unknown}
 e - a scroll of identify {unknown}
 h - a scroll of silence {unknown}
 l - a scroll of immolation {unknown}
Potions
 b - a potion of curing {unknown}
 j - a potion of haste {unknown}
 k - a potion of flight
 m - 2 potions of might {unknown}


   Skills:
 + Level 2.1 Fighting
 + Level 2.5 Short Blades
 - Level 2.0 Dodging
 + Level 5.3 Stealth
 - Level 2.0 Spellcasting
 + Level 3.8 Hexes
 + Level 1.2 Ice Magic


You had 2 spell levels left.
You knew the following spells:

 Your Spells              Type           Power      Damage    Failure   Level
a - Corona                Hex            16%        N/A       3%          1
b - Confusing Touch       Hex            15%        N/A       11%         3
c - Ensorcelled Hibernat  Hex/Ice        22%        N/A       10%         2

Your spell library contained the following spells:

 Spells                   Type           Power      Damage    Failure   Level
 Tukima's Dance           Hex            15%        N/A       11%         3
 Dazzling Flash           Conj/Hex       16%        N/A       24%         3


Dungeon Overview and Level Annotations

Branches:
Dungeon (3/15)

Altars:

Shops:
D:3 =

Annotations:
D:2 Sigmund
D:3 Robin


Innate Abilities, Weirdness & Mutations

You cannot wear most types of armour.
You are amphibious.
You can wear up to eight rings at the same time.
Your skin changes colour to match your surroundings (Stealth+).
Your rubbery body absorbs attacks. (AC +1, EV +1)
((You are camouflaged near water. (Stealth+)))
You have tentacles for arms and can constrict up to eight enemies at once.


Message History

Robin roars a battlecry!
The goblins go into a battle-frenzy!
The goblin moves out of view.
The goblin shouts!
The hobgoblin shouts! 2 goblins come into view.
The hobgoblin shouts!
The goblin shouts! x2; You hear a shout!
A goblin comes into view. It is wielding a +0 dagger.
Robin throws the goblin at you!
The goblin shouts!
You closely miss the goblin.
The goblin shouts!
Your grab misses the goblin. The goblin hits you with a +0 dagger.
Robin throws the goblin at you! The goblin hits you with a +0 club.
The goblin hits you with a +0 dagger. x2; The hobgoblin hits you.
An adder comes into view.
Robin throws the goblin at you! The goblin closely misses you.
The goblin hits you with a +0 dagger.
* * * LOW HITPOINT WARNING * * *
Robin says, "A pitiful Octopus like you will never find the ORB!"
The goblin hits you with a +0 club!
* * * LOW HITPOINT WARNING * * *
You see here 16 stones.
Robin says, "Feeling lonely?"
The goblin no longer looks unusually strong.
The goblin no longer looks unusually strong.
Robin roars a battlecry!
The goblins go into a battle-frenzy!
The goblin no longer looks unusually strong.
There is a stone staircase leading up here.
Okay, then.
The goblin hits you but does no damage.
You climb upwards.
Level annotation: Sigmund
There is a stone staircase leading down here.
It was a potion of flight.
You feel very buoyant.
You fly up into the air.
The goblin no longer looks unusually strong.
The goblin hits you with a +0 dagger.
You die...

#########
##.##.#.........#
####....#
#..#.'.........#
......#.#
##.#.#.........#
#######'###
#.#.#.........#
..........#
#.#.#####.......
##...#....# #...#
######. #...#....#
###..## #...#....#
#....g# ##### #...#....#
#.#.@.#####...###
##...#....#
#.###.##........##
.#...#....# #
#.##...@.....##
.#...#....#
#..'...###...@###
.#####....# #.##...#
###....# .##########
#..'...# ##.... .....
####...# ##...
########################
###. ..................#
#########


You could see a goblin.

Levels and vault maps discovered:
D:1:      lightli_arrival_statue_moat, layout_loops_corners
D:2:      layout_basic, serial_curves, eino_curves_04, eino_curves_02,
          serial_shops, nicolae_shop_crystal,
          shapermc_ecumenical_altar_notcrosses, uniq_sigmund, uniq_terence
D:3:      layout_rooms, old_standard_altar, serial_shops, nicolae_shop_stone,
          minmay_liquid_box, uniq_robin

Notes
Turn   | Place    | Note
-------+----------+-------------------------------------------
     0 | D:1      | ABBCCCDDDD the Octopode Enchanter began the quest for the
                  | Orb.
     0 | D:1      | Reached XP level 1. HP: 11/11 MP: 3/3
   481 | D:1      | Reached XP level 2. HP: 4/18 MP: 5/5
  1011 | D:1      | Reached skill level 1 in Fighting
  1320 | D:1      | Reached XP level 3. HP: 23/23 MP: 6/6
  2061 | D:2      | Learned a level 3 spell: Confusing Touch
  2064 | D:2      | Learned a level 2 spell: Ensorcelled Hibernation
  2135 | D:2      | Found a faded altar of an unknown god.
  2190 | D:2      | Reached XP level 4. HP: 28/28 MP: 7/7
  2294 | D:2      | Noticed Terence
  2305 | D:2      | Killed Terence
  2311 | D:2      | Reached skill level 5 in Stealth
  2793 | D:2      | Reached XP level 5. HP: 34/34 MP: 8/8
  2831 | D:2      | Noticed Sigmund
  2870 | D:3      | Reached skill level 1 in Ice Magic
  2897 | D:3      | Found Wycuicou's Jewellery Boutique.
  3085 | D:3      | Noticed Robin
  3091 | D:3      | HP: 1/34 [goblin[Robin] (7)]
  3103 | D:2      | Slain by a goblin

Table legend: (Time is in decaauts)
 A = Elapsed time spent in this place.
 B = Non-inter-level travel time spent in this place.
 C = Inter-level travel time spent in this place.
 D = Time resting spent in this place.
 E = Time spent auto-exploring this place.
 F = Levels seen in this place.
 G = Mean time per level.
                   A        B        C        D        E       F      G
               +--------+--------+--------+--------+--------+-----+--------+
         Total |   3099 |   3064 |     35 |   1095 |   1523 |   3 | 1033.0 |
       Dungeon |   3099 |   3064 |     35 |   1095 |   1523 |   3 | 1033.0 |
               +--------+--------+--------+--------+--------+-----+--------+

Top non-repeatable levels by time:
     D:1: 1768 daAuts
     D:2: 1122 daAuts
     D:3: 207 daAuts

Table legend:
 A = Kills in this place as a percentage of kills in entire the game.
 B = Kills by you in this place as a percentage of kills by you in the entire game.
 C = Kills by friends in this place as a percentage of kills by friends in the entire game.
 D = Other kills in this place as a percentage of other kills in the entire game.
 E = Experience gained in this place as a percentage of experience gained in the entire game.
 F = Experience gained in this place divided by the number of levels of this place that you have seen.
                   A       B       C       D       E      F
               +-------+-------+-------+-------+-------+----------------------
         Total | 100.0 | 100.0 |   N/A |   N/A | 100.0 |  80.7
       Dungeon | 100.0 | 100.0 |   N/A |   N/A | 100.0 |  80.7
               +-------+-------+-------+-------+-------+----------------------

Action                   |  1- 3 |  4- 6 || total
-------------------------+-------+-------++-------
Melee: Dagger            |    46 |       ||    46
       Constrict         |    10 |    12 ||    22
       Tentacles         |    10 |    10 ||    20
       Short sword       |    20 |    53 ||    73
 Cast: Corona            |     2 |       ||     2
  Use: Scroll            |       |     1 ||     1
       Potion            |       |     1 ||     1
 Stab: Sleeping          |    10 |     4 ||    14
       Distracted        |       |     1 ||     1
Armor: Skin              |     3 |     8 ||    11
Dodge: Dodged            |    32 |    33 ||    65

Vanquished Creatures
  An orc priest (D:3)
  Terence (D:2)
  A gnoll (D:1)
  5 adders
  A dart slug (D:1)
  4 orcs (D:3)
  4 ball pythons
  7 endoplasms
  2 giant cockroaches
  3 goblins (D:2)
  3 hobgoblins (D:1)
  2 jackals (D:1)
  2 kobolds (D:2)
  4 quokkas
  9 bats
  2 rats (D:1)
51 creatures vanquished.
